 Dungeon Crawl Stone Soup version 0.31-a0-1549-g5ff9445e89 (webtiles) character file.

Game seed: 9717334176779446414

3 innerfire43 the Shield-Bearer (level 1, 0/13 HPs)
             Began as a Demonspawn Wanderer on Jan 2, 2024.
             Slain by a kobold
             ... wielding a +0 club
              (1 damage)
             ... on level 1 of the Dungeon.
             The game lasted 00:00:37 (85 turns).

innerfire43 the Shield-Bearer (Demonspawn Wanderer)   Turns: 85, Time: 00:00:37

Health: 0/13       AC:  4    Str: 14    XL:     1   Next: 41%
Magic:  1/1        EV: 10    Int: 10    God:
Gold:   18         SH:  6    Dex: 12    Spells: 0/0 levels left

rFire   . . .        a - +0 mace
rCold   . . .        b - +2 buckler
rNeg    . . .        e - +0 leather armour
rPois   .            f - +0 helmet
rElec   .            (no cloak)
rCorr   .            (no gloves)
SInv    .            (no boots)
Will    .....        (no amulet)
Stlth   ++           (no ring)
HPRegen 0.22/turn    (no ring)
MPRegen 0.07/turn

%: no passive effects
@: no status effects
A: no striking features
a: no special abilities


You were on level 1 of the Dungeon.
You visited 1 branch of the dungeon, and saw 1 of its levels.

You collected 18 gold pieces.

Inventory:

Hand Weapons
 a - a +0 mace (weapon)
Armour
 b - a +2 buckler (worn)
 c - a +0 helmet
 e - a +0 leather armour (worn)
 f - a +0 helmet (worn)
 g - a +1 hat
Scrolls
 d - a scroll of vulnerability


   Skills:
 + Level 0.2 Fighting
 + Level 2.7 Maces & Flails
 + Level 1.0 Armour
 - Level 2.6 Stealth
 * Level 2.8 Shields


You couldn't memorise any spells.
You didn't know any spells.
Your spell library was empty.

Dungeon Overview and Level Annotations

Branches:
Dungeon (1/15)

Altars:


Message History

You hit the endoplasm.
The endoplasm is moderately wounded.
The endoplasm jiggles.
The endoplasm freezes you.
You are frozen.
You sock the endoplasm!
You kill the endoplasm!
No target in view!
No target in view!
You see here a frilled lizard corpse.
A kobold comes into view. It is wielding a +0 club.
Found a scroll labelled BUCZOLYOXA.
You see here a +1 hat.
g - a +1 hat The kobold shouts!
You hear an angry hiss.
You barely miss the kobold. The kobold hits you but does no damage.
You block the kobold's attack.
You closely miss the kobold.
A giant cockroach comes into view.
The kobold hits you but does no damage.
You barely miss the kobold. The kobold misses you.
You closely miss the kobold. The kobold hits you with a +0 club. x2
You are too injured to fight recklessly!
You are too injured to fight recklessly!
You are too injured to fight recklessly!
You barely miss the kobold. The giant cockroach barely misses you.
The kobold hits you with a +0 club.
* * * LOW HITPOINT WARNING * * *
The giant cockroach bites you but does no damage.
You closely miss the giant cockroach.
The giant cockroach bites you but does no damage.
The kobold completely misses you.
You aren't carrying any potions.
Okay, then.
You completely miss the giant cockroach.
You block the giant cockroach's attack. You block the kobold's attack.
The giant cockroach bites you.
* * * LOW HITPOINT WARNING * * *
The kobold hits you with a +0 club.
You die...

........###. ...
>....#..... #.##
..........####..#
..........##....##
...........#.....##
..........†.......###
###...........#....#
#............B##..
#.........##@K.##
#.........###.....#
#...........#.##?...
#.>............# ###
#...........#..####
#...........#.....##
......##............#####
##..$# ##[##............#
#. #.###........#


You could see a giant cockroach and a kobold.

Vanquished Creatures
  A bat (D:1)
  An endoplasm (D:1)
  A frilled lizard (D:1)
3 creatures vanquished.

Notes
Turn   | Place    | Note
-------+----------+-------------------------------------------
     0 | D:1      | innerfire43 the Demonspawn Wanderer began the quest for the
                  | Orb.
     0 | D:1      | innerfire43 set off with the following items: a +0 mace, a
                  | +2 buckler, a +0 helmet, a scroll of vulnerability, a +0
                  | leather armour.
     0 | D:1      | Reached XP level 1. HP: 13/13 MP: 1/1
    85 | D:1      | Slain by a kobold

Illustrated notes

Levels and vault maps discovered:
D:1:      ncdulo_lavacross, layout_rooms

Action                     || total
---------------------------++-------
  Melee: Mace              ||    17
 Armour: Leather armour    ||    18
  Dodge: Dodged            ||     9
  Block: Buckler           ||    11

Table legend: (Time is in decaauts)
 A = Elapsed time spent in this place.
 B = Non-inter-level travel time spent in this place.
 C = Inter-level travel time spent in this place.
 D = Time resting spent in this place.
 E = Time spent auto-exploring this place.
 F = Levels seen in this place.
 G = Mean time per level.
                   A        B        C        D        E       F      G
               +--------+--------+--------+--------+--------+-----+--------+
         Total |     89 |     89 |      0 |      0 |     27 |   1 |   89.0 |
       Dungeon |     89 |     89 |      0 |      0 |     27 |   1 |   89.0 |
               +--------+--------+--------+--------+--------+-----+--------+

Top non-repeatable levels by time:
     D:1: 89 daAuts
